Senators vs BlackHawks

Created - November 14, 2015 at 10:46

Goals
1 2 3 T
Senators 3 0 2 5
BlackHawks 0 1 0 1
Shots
1 2 3 T
Senators 8 13 7 28
BlackHawks 5 11 5 21

1st period

1. Senators , Sergei Gonchar 2 (Mark Stone, Mika Zibanejad) at 10:11 (PP)
2. Senators , Pavel Datsyuk 12 (Mike Hoffman) at 17:22
3. Senators , Marko Dano 6 (Milan Michalek, Steve Bernier) at 19:45

Penalties :
Mike Richards (CHI) for Holding (Minor) at 1:48, Kevin Bieksa (CHI) for Hooking (Minor) at 2:26, Brandon Bollig (CHI) for Hooking (Minor) at 9:59

2nd period

4. BlackHawks , Zack Kassian 3 (Trevor Lewis, Dion Phaneuf) at 7:55

Penalties :
Justin Abdelkader (CHI) for Hooking (Minor) at 2:17, Kevin Bieksa (CHI) for Holding (Minor) at 4:35, Kevin Bieksa (CHI) for Interference (Minor) at 10:50, Dion Phaneuf (CHI) for Holding (Minor) at 13:31

3rd period

5. Senators , Jason Garrison 3 (Mark Stone, Mike Hoffman) at 3:14 (PP)
6. Senators , Marko Dano 7 (Pavel Datsyuk, Sidney Crosby) at 16:11 (PP)

Penalties :
Jason Garrison (OTT) for Hooking (Minor) at 0:36, Keith Aulie (CHI) for Roughing (Double Minor) at 2:53, Alex Galchenyuk (CHI) for Slashing (Double Minor) at 14:38, Justin Abdelkader (CHI) for Hooking (Minor) at 18:51

Goalie Stats

Andrew Hammond (OTT), 20 saves from 21 shots - (0.952), W, 11-2-2, 60:00 minutes
Eddie Lack (CHI), 23 saves from 28 shots - (0.821), L, 5-6-0, 60:00 minutes

Players Stats for Senators

Player Name              G  A  P  +/- PIM S  H  SB GA TA FO     MP     PP MP  PK MP  
------------------------------------------------------------------------------------
Chris Phillips           0  0  0   1  0   0  1  1  0  0  0/0     8:53   0:00   1:06 
Duncan Keith             0  0  0  -1  0   0  1  2  0  0  0/0    16:39   0:00   0:00 
Jan Hejda                0  0  0   1  0   1  0  1  0  0  0/0    21:44   8:11   1:07 
Jared Cowen              0  0  0   1  0   1  1  0  0  0  0/0    19:59   7:55   0:53 
Jason Garrison           1  0  1   1  2   3  0  0  0  0  0/0    21:42   9:17   0:00 
Joe Whitney              0  0  0   0  0   0  0  0  0  0  0/0     4:41   0:00   0:00 
Marc Staal               0  0  0  -1  0   1  3  3  0  0  0/0    18:04   0:33   0:52 
Mark Stone               0  2  2   0  0   4  1  0  0  0  0/2    21:47   8:27   0:00 
Marko Dano               2  0  2   0  0   2  1  0  0  0  5/18   16:59   1:08   0:53 
Matt Read                0  0  0   0  0   0  0  0  0  0  0/1     5:47   0:00   1:06 
Mika Zibanejad           0  1  1   1  0   1  7  0  0  0  2/2    20:52   8:54   0:00 
Mike Hoffman             0  2  2   1  0   3  0  0  0  0  11/22  20:43   8:45   0:00 
Milan Michalek           0  1  1   0  0   0  2  0  0  0  0/1    10:53   0:00   0:00 
Pascal Dupuis            0  0  0   0  0   3  1  0  0  0  0/1    21:11   8:27   0:00 
Pavel Datsyuk            1  1  2   1  0   5  0  0  0  0  1/2    22:04   9:00   1:06 
Sergei Gonchar           1  0  1   0  0   1  0  0  0  0  0/0    12:58   9:34   0:00 
Sidney Crosby            0  1  1   0  0   2  1  0  0  0  13/29  21:18   8:34   0:00 
Steve Bernier            0  1  1   0  0   1  0  0  0  0  1/1    11:46   0:00   0:53 

Players Stats for BlackHawks

Player Name              G  A  P  +/- PIM S  H  SB GA TA FO     MP     PP MP  PK MP  
------------------------------------------------------------------------------------
Adam McQuaid             0  0  0   0  0   0  0  0  0  0  0/0    19:15   0:00   9:55 
Alex Galchenyuk          0  0  0  -2  4   2  0  0  0  0  1/1    14:35   0:49   0:00 
Brandon Bollig           0  0  0   0  2   1  1  0  0  0  4/5     5:33   0:00   1:19 
Dion Phaneuf             0  1  1   1  2   2  5  1  0  0  0/0    23:18   1:10   8:06 
Dwight King              0  0  0   1  0   3  0  0  0  0  1/1    14:54   1:10   0:00 
Justin Abdelkader        0  0  0  -2  4   0  5  0  0  0  0/0    15:48   1:10   0:53 
Keith Aulie              0  0  0   0  4   0  4  1  0  0  0/0    15:35   0:00   3:21 
Kevin Bieksa             0  0  0  -2  6   2  1  1  0  0  0/0    18:28   0:49   3:43 
Luke Gazdic              0  0  0   0  0   1  0  0  0  0  0/0     4:38   0:00   0:23 
Marcus Foligno           0  0  0   0  0   0  2  0  0  0  0/1    17:56   0:00   9:26 
Marek Zidlicky           0  0  0  -2  0   0  0  2  0  0  0/0    18:41   1:10   0:38 
Mike Richards            0  0  0   0  2   2  0  0  0  0  19/31  17:32   0:00   9:03 
Robyn Regehr             0  0  0   1  0   0  2  1  0  0  0/0    24:08   0:49   9:16 
Ryan OReilly             0  0  0  -2  0   2  0  0  0  0  14/21  17:26   0:49   2:50 
Ryan Reaves              0  0  0   0  0   1  1  0  0  0  1/2     4:15   0:00   0:00 
Tom Wilson               0  0  0   0  0   1  1  0  0  0  0/0    13:38   0:00   5:08 
Trevor Lewis             0  1  1   1  0   1  3  0  0  0  6/17   20:31   1:10   5:37 
Zack Kassian             1  0  1   1  0   3  1  0  0  0  0/0    14:33   0:49   0:00 

3 Stars

1 - Marko Dano (OTT)
2 - Pavel Datsyuk (OTT)
3 - Mika Zibanejad (OTT)

Power Play

Senators - 3 on 12 Attempt(s) - 25.00%
BlackHawks - 0 on 1 Attempt(s) - 0.00%

Penalty Kill

Senators - 1 on 1 Attempt(s) - 100.00% - Score 0 goal in Penalty Kill
BlackHawks - 9 on 12 Attempt(s) - 75.00% - Score 0 goal in Penalty Kill

Team Stat

Senators - Hits : 19 - Faceoff Wins : 33 - Blocked Shots : 7 - Penalty Minutes : 2
BlackHawks - Hits : 26 - Faceoff Wins : 46 - Blocked Shots : 6 - Penalty Minutes : 24

Official

Referees : Gord Dwyer and Trevor Hanson
Linesman : Pierre Racicot and Michel Cormier

Game Notes

No Game Note

Finance

Level 1 -- Attendance: 5818 (89.51%) -- Ticket Income $645,798
Level 2 -- Attendance: 4597 (91.94%) -- Ticket Income $344,775
Level 3 -- Attendance: 3275 (93.57%) -- Ticket Income $180,125
Level 4 -- Attendance: 2915 (78.42%) -- Ticket Income $107,855
Luxury Box -- Attendance: 963 (96.30%) -- Ticket Income $191,637
Game was played at the United Center.
Total Attendance: 17568 (89.10%)
Total Ticket Income: $1,470,190
Other Income: $220,528
Total Income: $1,690,718

% Time on Ice - Senators

Lines # - Real PCT - Wanted PCT - Time Play
Normal Forward
1 - 32% - 36% - 12:44
2 - 30% - 34% - 11:58
3 - 27% - 20% - 10:53
4 - 12% - 10% - 4:41
Normal Defense
1 - 41% - 36% - 16:39
2 - 31% - 34% - 12:26
3 - 19% - 20% - 7:47
4 - 8% - 10% - 3:24
PP Forward
1 - 50% - 50% - 8:54
2 - 50% - 50% - 8:51
PP Defense
1 - 54% - 50% - 9:34
2 - 46% - 50% - 8:11
PK Forward
1 - 55% - 50% - 1:06
2 - 45% - 50% - 0:53
PK Defense
1 - 56% - 50% - 1:07
2 - 44% - 50% - 0:52
PK3 Forward
1 - 0% - 50%
2 - 0% - 50%
PK3 Defense
1 - 0% - 50%
2 - 0% - 50%
44 Forward
1 - 0% - 52%
2 - 0% - 48%
44 Defense
1 - 0% - 52%
2 - 0% - 48%
Last Minute Offensive  - 0:00
Last Minute Defensive  - 0:00
Total
Forward - 60:00
Defense - 60:00

% Time on Ice - BlackHawks

Lines # - Real PCT - Wanted PCT - Time Play
Normal Forward
1 - 34% - 38% - 13:47
2 - 34% - 32% - 13:44
3 - 21% - 20% - 8:30
4 - 11% - 10% - 4:15
Normal Defense
1 - 35% - 37% - 14:03
2 - 35% - 34% - 13:58
3 - 23% - 29% - 9:20
4 - 7% - 0% - 2:55
PP Forward
1 - 41% - 60% - 0:49
2 - 59% - 40% - 1:10
PP Defense
1 - 59% - 60% - 1:10
2 - 41% - 40% - 0:49
PK Forward
1 - 69% - 55% - 11:16
2 - 31% - 45% - 5:08
PK Defense
1 - 57% - 55% - 9:24
2 - 43% - 45% - 7:00
PK3 Forward
1 - 47% - 50% - 0:38
2 - 53% - 50% - 0:43
PK3 Defense
1 - 41% - 55% - 0:33
2 - 59% - 45% - 0:48
44 Forward
1 - 0% - 55%
2 - 0% - 45%
44 Defense
1 - 0% - 55%
2 - 0% - 45%
Last Minute Offensive  - 0:00
Last Minute Defensive  - 0:00
Total
Forward - 60:00
Defense - 60:00

Play by Play

1st period


0:01 of 1st period - Sidney Crosby wins face-off versus Ryan OReilly in neutral zone.
0:03 of 1st period - Mark Stone is hit by Robyn Regehr.
0:35 of 1st period - Icing by Marc Staal.
0:36 of 1st period - Trevor Lewis wins face-off versus Sidney Crosby in Senators zone.
0:43 of 1st period - Shot by Zack Kassian.
0:43 of 1st period - Shot Misses the Net.
1:09 of 1st period - Shot by Dwight King.
1:09 of 1st period - Shot Misses the Net.
1:25 of 1st period - Shot by Pavel Datsyuk.
1:25 of 1st period - Stopped by Eddie Lack without a rebound.
1:26 of 1st period - Mike Richards wins face-off versus Marko Dano in BlackHawks zone.
1:28 of 1st period - Icing by Marcus Foligno.
1:29 of 1st period - Mike Richards wins face-off versus Marko Dano in BlackHawks zone.
1:48 of 1st period - Minor Penalty to Mike Richards for Holding.
1:49 of 1st period - Ryan OReilly wins face-off versus Mike Hoffman in BlackHawks zone.
2:09 of 1st period - Icing by Sergei Gonchar.
2:10 of 1st period - Mika Zibanejad wins face-off versus Trevor Lewis in Senators zone.
2:10 of 1st period - Mark Stone is hit by Tom Wilson and loses puck.
2:16 of 1st period - Jason Garrison is hit by Kevin Bieksa and loses puck.
2:26 of 1st period - Minor Penalty to Kevin Bieksa for Hooking.
2:27 of 1st period - Ryan OReilly wins face-off versus Sidney Crosby in BlackHawks zone.
2:52 of 1st period - Icing by Jared Cowen.
2:53 of 1st period - Sidney Crosby wins face-off versus Trevor Lewis in Senators zone.
2:53 of 1st period - Sidney Crosby is hit by Trevor Lewis.
2:59 of 1st period - Dion Phaneuf is hit by Sidney Crosby and loses puck.
4:29 of 1st period - Shot by Ryan OReilly.
4:29 of 1st period - Shot Misses the Net.
4:52 of 1st period - Icing by Milan Michalek.
4:53 of 1st period - Trevor Lewis wins face-off versus Marko Dano in Senators zone.
4:58 of 1st period - Shot by Zack Kassian.
4:58 of 1st period - Deflect By Trevor Lewis.
4:58 of 1st period - Shot Hit the Post.
5:04 of 1st period - Shot by Zack Kassian.
5:04 of 1st period - Shot Misses the Net.
5:06 of 1st period - Shot by Keith Aulie.
5:06 of 1st period - Shot Misses the Net.
5:47 of 1st period - Icing by Zack Kassian.
5:48 of 1st period - Trevor Lewis wins face-off versus Mike Hoffman in BlackHawks zone.
5:48 of 1st period - Trevor Lewis is hit by Mika Zibanejad.
6:50 of 1st period - Shot by Pascal Dupuis.
6:50 of 1st period - Shot Blocked by Marek Zidlicky.
6:52 of 1st period - Shot by Mark Stone.
6:52 of 1st period - Stopped by Eddie Lack without a rebound.
6:53 of 1st period - Ryan OReilly wins face-off versus Sidney Crosby in BlackHawks zone.
6:55 of 1st period - Icing by Alex Galchenyuk.
6:56 of 1st period - Ryan OReilly wins face-off versus Sidney Crosby in BlackHawks zone.
7:01 of 1st period - Mark Stone is hit by Justin Abdelkader and loses puck.
7:23 of 1st period - Mark Stone is hit by Robyn Regehr and loses puck.
7:40 of 1st period - Shot by Alex Galchenyuk.
7:40 of 1st period - Stopped by Andrew Hammond without a rebound.
7:41 of 1st period - Mike Hoffman wins face-off versus Marcus Foligno in Senators zone.
8:26 of 1st period - Robyn Regehr is hit by Mika Zibanejad and loses puck.
8:34 of 1st period - Icing by Robyn Regehr.
8:35 of 1st period - Mike Richards wins face-off versus Marko Dano in BlackHawks zone.
8:47 of 1st period - Marc Staal is hit by Justin Abdelkader and loses puck.
8:57 of 1st period - Marko Dano is hit by Keith Aulie.
9:54 of 1st period - Shot by Brandon Bollig.
9:54 of 1st period - Stopped by Andrew Hammond with a rebound.
9:59 of 1st period - Minor Penalty to Brandon Bollig for Hooking.
10:00 of 1st period - Mike Hoffman wins face-off versus Mike Richards in BlackHawks zone.
10:07 of 1st period - Shot by Mark Stone.
10:07 of 1st period - Stopped by Eddie Lack with a rebound.
10:09 of 1st period - Shot by Sergei Gonchar.
10:09 of 1st period - Shot Misses the Net.
10:11 of 1st period - Shot by Sergei Gonchar.
10:11 of 1st period - Goal by Sergei Gonchar - Senators : 1 - BlackHawks : 0.
10:12 of 1st period - Mike Hoffman wins face-off versus Brandon Bollig in neutral zone.
10:14 of 1st period - Jan Hejda is hit by Brandon Bollig and loses puck.
10:28 of 1st period - Shot by Ryan Reaves.
10:28 of 1st period - Stopped by Andrew Hammond without a rebound.
10:29 of 1st period - Marko Dano wins face-off versus Mike Richards in Senators zone.
11:58 of 1st period - Shot by Ryan OReilly.
11:58 of 1st period - Deflect By Justin Abdelkader.
11:58 of 1st period - Shot Misses the Net.
12:28 of 1st period - Shot by Pavel Datsyuk.
12:28 of 1st period - Shot Misses the Net.
12:30 of 1st period - Shot by Jan Hejda.
12:30 of 1st period - Shot Blocked by Kevin Bieksa.
12:49 of 1st period - Mika Zibanejad is hit by Keith Aulie.
13:04 of 1st period - Adam McQuaid is hit by Marc Staal and loses puck.
13:11 of 1st period - Shot by Dwight King.
13:11 of 1st period - Stopped by Andrew Hammond with a rebound.
13:13 of 1st period - Shot by Zack Kassian.
13:13 of 1st period - Shot Blocked by Marc Staal.
13:30 of 1st period - Off-side.
13:31 of 1st period - Brandon Bollig wins face-off versus Mark Stone in neutral zone.
14:09 of 1st period - Icing by Robyn Regehr.
14:10 of 1st period - Mika Zibanejad wins face-off versus Ryan Reaves in BlackHawks zone.
14:24 of 1st period - Icing by Jason Garrison.
14:25 of 1st period - Ryan OReilly wins face-off versus Mike Hoffman in Senators zone.
14:26 of 1st period - Shot by Justin Abdelkader.
14:26 of 1st period - Deflect By Ryan OReilly.
14:26 of 1st period - Shot Misses the Net.
15:02 of 1st period - Shot by Ryan OReilly.
15:02 of 1st period - Shot Misses the Net.
15:20 of 1st period - Off-side.
15:21 of 1st period - Sidney Crosby wins face-off versus Trevor Lewis in neutral zone.
15:21 of 1st period - Sidney Crosby is hit by Trevor Lewis.
15:34 of 1st period - Shot by Mark Stone.
15:34 of 1st period - Stopped by Eddie Lack without a rebound.
15:35 of 1st period - Marko Dano wins face-off versus Mike Richards in BlackHawks zone.
15:35 of 1st period - Sergei Gonchar is hit by Dion Phaneuf and loses puck.
16:18 of 1st period - Shot by Mike Richards.
16:18 of 1st period - Shot Misses the Net.
16:25 of 1st period - Icing by Sergei Gonchar.
16:26 of 1st period - Marko Dano wins face-off versus Ryan OReilly in Senators zone.
17:20 of 1st period - Icing by Justin Abdelkader.
17:21 of 1st period - Mike Hoffman wins face-off versus Ryan OReilly in BlackHawks zone.
17:22 of 1st period - Shot by Pavel Datsyuk.
17:22 of 1st period - Goal by Pavel Datsyuk - Senators : 2 - BlackHawks : 0.
17:23 of 1st period - Mike Hoffman wins face-off versus Trevor Lewis in neutral zone.
17:44 of 1st period - Shot by Mike Hoffman.
17:44 of 1st period - Stopped by Eddie Lack with a rebound.
18:25 of 1st period - Dion Phaneuf is hit by Mika Zibanejad and loses puck.
18:33 of 1st period - Icing by Robyn Regehr.
18:34 of 1st period - Mike Richards wins face-off versus Sidney Crosby in BlackHawks zone.
19:16 of 1st period - Shot by Sidney Crosby.
19:16 of 1st period - Shot Misses the Net.
19:34 of 1st period - Shot by Ryan OReilly.
19:34 of 1st period - Stopped by Andrew Hammond without a rebound.
19:35 of 1st period - Steve Bernier wins face-off versus Ryan OReilly in Senators zone.
19:35 of 1st period - Steve Bernier is hit by Justin Abdelkader.
19:45 of 1st period - Shot by Milan Michalek.
19:45 of 1st period - Deflect By Marko Dano.
19:45 of 1st period - Goal by Marko Dano - Senators : 3 - BlackHawks : 0.
19:46 of 1st period - Trevor Lewis wins face-off versus Marko Dano in neutral zone.
19:51 of 1st period - Shot by Dwight King.
19:51 of 1st period - Shot Misses the Net.
19:53 of 1st period - Shot by Dwight King.
19:53 of 1st period - Shot Blocked by Chris Phillips.
Goals for this period are 3 for Senators vs 0 for BlackHawks.
Shots for this period are 8 for Senators vs 5 for BlackHawks.

2nd period


0:01 of 2nd period - Sidney Crosby wins face-off versus Ryan OReilly in neutral zone.
0:41 of 2nd period - Shot by Alex Galchenyuk.
0:41 of 2nd period - Shot Misses the Net.
1:34 of 2nd period - Off-side.
1:35 of 2nd period - Brandon Bollig wins face-off versus Marko Dano in neutral zone.
1:35 of 2nd period - Brandon Bollig is hit by Milan Michalek.
1:38 of 2nd period - Dion Phaneuf is hit by Chris Phillips and loses puck.
1:49 of 2nd period - Shot by Luke Gazdic.
1:49 of 2nd period - Stopped by Andrew Hammond without a rebound.
1:50 of 2nd period - Marko Dano wins face-off versus Mike Richards in Senators zone.
2:10 of 2nd period - Icing by Sergei Gonchar.
2:11 of 2nd period - Ryan OReilly wins face-off versus Marko Dano in Senators zone.
2:17 of 2nd period - Minor Penalty to Justin Abdelkader for Hooking.
2:18 of 2nd period - Mike Richards wins face-off versus Sidney Crosby in BlackHawks zone.
2:24 of 2nd period - Icing by Pavel Datsyuk.
2:25 of 2nd period - Mike Richards wins face-off versus Sidney Crosby in Senators zone.
3:45 of 2nd period - Shot by Jared Cowen.
3:45 of 2nd period - Shot Misses the Net.
3:47 of 2nd period - Shot by Jared Cowen.
3:47 of 2nd period - Stopped by Eddie Lack without a rebound.
3:48 of 2nd period - Mike Richards wins face-off versus Sidney Crosby in BlackHawks zone.
4:01 of 2nd period - Shot by Pascal Dupuis.
4:01 of 2nd period - Stopped by Eddie Lack without a rebound.
4:02 of 2nd period - Mike Richards wins face-off versus Mike Hoffman in BlackHawks zone.
4:16 of 2nd period - Icing by Jared Cowen.
4:17 of 2nd period - Ryan OReilly wins face-off versus Marko Dano in Senators zone.
4:22 of 2nd period - Shot by Alex Galchenyuk.
4:22 of 2nd period - Stopped by Andrew Hammond without a rebound.
4:23 of 2nd period - Ryan OReilly wins face-off versus Marko Dano in Senators zone.
4:24 of 2nd period - Shot by Alex Galchenyuk.
4:24 of 2nd period - Shot Blocked by Marc Staal.
4:32 of 2nd period - Shot by Steve Bernier.
4:32 of 2nd period - Stopped by Eddie Lack without a rebound.
4:33 of 2nd period - Sidney Crosby wins face-off versus Trevor Lewis in BlackHawks zone.
4:35 of 2nd period - Minor Penalty to Kevin Bieksa for Holding.
4:36 of 2nd period - Mike Richards wins face-off versus Sidney Crosby in BlackHawks zone.
4:51 of 2nd period - Shot by Pavel Datsyuk.
4:51 of 2nd period - Stopped by Eddie Lack without a rebound.
4:52 of 2nd period - Mike Hoffman wins face-off versus Mike Richards in BlackHawks zone.
5:26 of 2nd period - Robyn Regehr is hit by Mika Zibanejad and loses puck.
5:57 of 2nd period - Shot by Pavel Datsyuk.
5:57 of 2nd period - Stopped by Eddie Lack without a rebound.
5:58 of 2nd period - Sidney Crosby wins face-off versus Mike Richards in BlackHawks zone.
5:58 of 2nd period - Pavel Datsyuk is hit by Dion Phaneuf and loses puck.
6:07 of 2nd period - Shot by Sidney Crosby.
6:07 of 2nd period - Shot Misses the Net.
6:09 of 2nd period - Shot by Pavel Datsyuk.
6:09 of 2nd period - Shot Misses the Net.
6:11 of 2nd period - Shot by Jared Cowen.
6:11 of 2nd period - Shot Misses the Net.
7:37 of 2nd period - Shot by Dwight King.
7:37 of 2nd period - Shot Misses the Net.
7:55 of 2nd period - Shot by Zack Kassian.
7:55 of 2nd period - Goal by Zack Kassian - Senators : 3 - BlackHawks : 1.
7:56 of 2nd period - Ryan Reaves wins face-off versus Mark Stone in neutral zone.
9:29 of 2nd period - Pavel Datsyuk is hit by Justin Abdelkader and loses puck.
10:21 of 2nd period - Shot by Kevin Bieksa.
10:21 of 2nd period - Shot Blocked by Marc Staal.
10:23 of 2nd period - Shot by Dwight King.
10:23 of 2nd period - Stopped by Andrew Hammond without a rebound.
10:24 of 2nd period - Mike Richards wins face-off versus Marko Dano in Senators zone.
10:34 of 2nd period - Marko Dano is hit by Keith Aulie and loses puck.
10:43 of 2nd period - Shot by Tom Wilson.
10:43 of 2nd period - Stopped by Andrew Hammond without a rebound.
10:44 of 2nd period - Brandon Bollig wins face-off versus Mike Hoffman in Senators zone.
10:50 of 2nd period - Minor Penalty to Kevin Bieksa for Interference.
10:51 of 2nd period - Mike Richards wins face-off versus Pascal Dupuis in BlackHawks zone.
11:37 of 2nd period - Shot by Mike Richards.
11:37 of 2nd period - Stopped by Andrew Hammond without a rebound.
11:38 of 2nd period - Mike Hoffman wins face-off versus Trevor Lewis in Senators zone.
12:33 of 2nd period - Shot by Pavel Datsyuk.
12:33 of 2nd period - Shot Misses the Net.
12:35 of 2nd period - Shot by Jason Garrison.
12:35 of 2nd period - Stopped by Eddie Lack with a rebound.
12:37 of 2nd period - Shot by Jason Garrison.
12:37 of 2nd period - Stopped by Eddie Lack without a rebound.
12:38 of 2nd period - Trevor Lewis wins face-off versus Sidney Crosby in BlackHawks zone.
13:01 of 2nd period - Shot by Ryan OReilly.
13:01 of 2nd period - Shot Blocked by Duncan Keith.
13:07 of 2nd period - Shot by Justin Abdelkader.
13:07 of 2nd period - Shot Misses the Net.
13:14 of 2nd period - Icing by Marc Staal.
13:15 of 2nd period - Dwight King wins face-off versus Marko Dano in Senators zone.
13:31 of 2nd period - Minor Penalty to Dion Phaneuf for Holding.
13:32 of 2nd period - Mike Richards wins face-off versus Mike Hoffman in BlackHawks zone.
13:46 of 2nd period - Icing by Jan Hejda.
13:47 of 2nd period - Mike Hoffman wins face-off versus Mike Richards in Senators zone.
14:02 of 2nd period - Shot by Mika Zibanejad.
14:02 of 2nd period - Stopped by Eddie Lack with a rebound.
14:08 of 2nd period - Shot by Mike Richards.
14:08 of 2nd period - Stopped by Andrew Hammond without a rebound.
14:09 of 2nd period - Sidney Crosby wins face-off versus Trevor Lewis in Senators zone.
15:15 of 2nd period - Shot by Mike Hoffman.
15:15 of 2nd period - Shot Blocked by Keith Aulie.
15:17 of 2nd period - Shot by Jan Hejda.
15:17 of 2nd period - Stopped by Eddie Lack without a rebound.
15:18 of 2nd period - Mike Richards wins face-off versus Mike Hoffman in BlackHawks zone.
15:18 of 2nd period - Marcus Foligno is hit by Mika Zibanejad and loses puck.
15:33 of 2nd period - Shot by Mike Hoffman.
15:33 of 2nd period - Stopped by Eddie Lack without a rebound.
15:34 of 2nd period - Ryan OReilly wins face-off versus Marko Dano in BlackHawks zone.
15:34 of 2nd period - Ryan OReilly is hit by Marko Dano.
15:39 of 2nd period - Ryan OReilly is hit by Milan Michalek and loses puck.
15:46 of 2nd period - Shot by Ryan OReilly.
15:46 of 2nd period - Stopped by Andrew Hammond with a rebound.
15:48 of 2nd period - Shot by Justin Abdelkader.
15:48 of 2nd period - Shot Misses the Net.
15:50 of 2nd period - Shot by Kevin Bieksa.
15:50 of 2nd period - Stopped by Andrew Hammond with a rebound.
15:52 of 2nd period - Shot by Ryan OReilly.
15:52 of 2nd period - Shot Blocked by Duncan Keith.
15:54 of 2nd period - Shot by Marek Zidlicky.
15:54 of 2nd period - Shot Misses the Net.
16:02 of 2nd period - Shot by Alex Galchenyuk.
16:02 of 2nd period - Shot Misses the Net.
16:04 of 2nd period - Shot by Kevin Bieksa.
16:04 of 2nd period - Shot Misses the Net.
16:48 of 2nd period - Shot by Zack Kassian.
16:48 of 2nd period - Stopped by Andrew Hammond without a rebound.
16:49 of 2nd period - Mike Hoffman wins face-off versus Mike Richards in Senators zone.
16:58 of 2nd period - Shot by Pavel Datsyuk.
16:58 of 2nd period - Shot Blocked by Robyn Regehr.
18:08 of 2nd period - Shot by Mark Stone.
18:08 of 2nd period - Stopped by Eddie Lack without a rebound.
18:09 of 2nd period - Alex Galchenyuk wins face-off versus Milan Michalek in BlackHawks zone.
18:14 of 2nd period - Milan Michalek is hit by Justin Abdelkader and loses puck.
18:26 of 2nd period - Alex Galchenyuk is hit by Marc Staal and loses puck.
18:35 of 2nd period - Shot by Justin Abdelkader.
18:35 of 2nd period - Shot Misses the Net.
18:37 of 2nd period - Shot by Kevin Bieksa.
18:37 of 2nd period - Shot Misses the Net.
18:39 of 2nd period - Shot by Kevin Bieksa.
18:39 of 2nd period - Stopped by Andrew Hammond without a rebound.
18:40 of 2nd period - Sidney Crosby wins face-off versus Trevor Lewis in Senators zone.
18:40 of 2nd period - Sidney Crosby is hit by Trevor Lewis.
18:43 of 2nd period - Pascal Dupuis is hit by Zack Kassian.
18:45 of 2nd period - Shot by Sidney Crosby.
18:45 of 2nd period - Stopped by Eddie Lack without a rebound.
18:46 of 2nd period - Sidney Crosby wins face-off versus Trevor Lewis in BlackHawks zone.
18:56 of 2nd period - Icing by Dion Phaneuf.
18:57 of 2nd period - Mike Hoffman wins face-off versus Trevor Lewis in BlackHawks zone.
19:02 of 2nd period - Shot by Pavel Datsyuk.
19:02 of 2nd period - Deflect By Mike Hoffman.
19:02 of 2nd period - Shot Misses the Net.
19:10 of 2nd period - Shot by Pavel Datsyuk.
19:10 of 2nd period - Deflect By Mika Zibanejad.
19:10 of 2nd period - Shot Misses the Net.
19:12 of 2nd period - Shot by Marc Staal.
19:12 of 2nd period - Stopped by Eddie Lack with a rebound.
19:14 of 2nd period - Shot by Duncan Keith.
19:14 of 2nd period - Shot Misses the Net.
19:52 of 2nd period - Robyn Regehr is hit by Mika Zibanejad and loses puck.
Goals for this period are 0 for Senators vs 1 for BlackHawks.
Shots for this period are 13 for Senators vs 11 for BlackHawks.

3rd period


0:01 of 3rd period - Sidney Crosby wins face-off versus Ryan OReilly in neutral zone.
0:09 of 3rd period - Icing by Adam McQuaid.
0:10 of 3rd period - Ryan OReilly wins face-off versus Mike Hoffman in BlackHawks zone.
0:12 of 3rd period - Icing by Alex Galchenyuk.
0:13 of 3rd period - Ryan OReilly wins face-off versus Sidney Crosby in BlackHawks zone.
0:15 of 3rd period - Justin Abdelkader is hit by Mark Stone and loses puck.
0:36 of 3rd period - Minor Penalty to Jason Garrison for Hooking.
0:37 of 3rd period - Trevor Lewis wins face-off versus Matt Read in Senators zone.
0:51 of 3rd period - Shot by Dion Phaneuf.
0:51 of 3rd period - Stopped by Andrew Hammond with a rebound.
1:00 of 3rd period - Shot by Dion Phaneuf.
1:00 of 3rd period - Stopped by Andrew Hammond with a rebound.
1:02 of 3rd period - Shot by Trevor Lewis.
1:02 of 3rd period - Stopped by Andrew Hammond without a rebound.
1:03 of 3rd period - Ryan OReilly wins face-off versus Marko Dano in Senators zone.
1:17 of 3rd period - Shot by Zack Kassian.
1:17 of 3rd period - Deflect By Ryan OReilly.
1:17 of 3rd period - Shot Misses the Net.
2:05 of 3rd period - Shot by Dwight King.
2:05 of 3rd period - Stopped by Andrew Hammond without a rebound.
2:06 of 3rd period - Pavel Datsyuk wins face-off versus Trevor Lewis in Senators zone.
2:16 of 3rd period - Pavel Datsyuk is hit by Dion Phaneuf and loses puck.
2:43 of 3rd period - Off-side.
2:44 of 3rd period - Sidney Crosby wins face-off versus Mike Richards in neutral zone.
2:52 of 3rd period - Duncan Keith is hit by Keith Aulie and loses puck.
2:53 of 3rd period - Double Minor Penalty to Keith Aulie for Roughing.
2:54 of 3rd period - Mike Richards wins face-off versus Mike Hoffman in BlackHawks zone.
3:02 of 3rd period - Jason Garrison is hit by Marcus Foligno.
3:14 of 3rd period - Shot by Jason Garrison.
3:14 of 3rd period - Goal by Jason Garrison - Senators : 4 - BlackHawks : 1.
3:15 of 3rd period - Mike Richards wins face-off versus Sidney Crosby in neutral zone.
3:42 of 3rd period - Shot by Pavel Datsyuk.
3:42 of 3rd period - Shot Misses the Net.
4:12 of 3rd period - Mark Stone is hit by Marcus Foligno and loses puck.
5:27 of 3rd period - Alex Galchenyuk is hit by Duncan Keith and loses puck.
5:58 of 3rd period - Shot by Justin Abdelkader.
5:58 of 3rd period - Shot Hit the Post.
6:09 of 3rd period - Duncan Keith is hit by Ryan Reaves.
6:10 of 3rd period - Off-side.
6:11 of 3rd period - Brandon Bollig wins face-off versus Sidney Crosby in neutral zone.
6:31 of 3rd period - Pascal Dupuis is hit by Dion Phaneuf.
6:38 of 3rd period - Mark Stone is hit by Dion Phaneuf and loses puck.
7:04 of 3rd period - Shot by Zack Kassian.
7:04 of 3rd period - Stopped by Andrew Hammond without a rebound.
7:05 of 3rd period - Ryan OReilly wins face-off versus Mike Hoffman in Senators zone.
7:08 of 3rd period - Shot by Alex Galchenyuk.
7:08 of 3rd period - Shot Blocked by Jan Hejda.
7:17 of 3rd period - Shot by Mike Hoffman.
7:17 of 3rd period - Shot Misses the Net.
8:09 of 3rd period - Marek Zidlicky is hit by Marc Staal and loses puck.
8:59 of 3rd period - Off-side.
9:00 of 3rd period - Mike Richards wins face-off versus Sidney Crosby in neutral zone.
9:38 of 3rd period - Shot by Sidney Crosby.
9:38 of 3rd period - Shot Blocked by Dion Phaneuf.
9:40 of 3rd period - Shot by Jared Cowen.
9:40 of 3rd period - Shot Misses the Net.
10:20 of 3rd period - Shot by Pavel Datsyuk.
10:20 of 3rd period - Shot Misses the Net.
11:56 of 3rd period - Trevor Lewis is hit by Jared Cowen and loses puck.
13:42 of 3rd period - Shot by Sidney Crosby.
13:42 of 3rd period - Shot Blocked by Marek Zidlicky.
14:38 of 3rd period - Double Minor Penalty to Alex Galchenyuk for Slashing.
14:39 of 3rd period - Mike Richards wins face-off versus Sidney Crosby in BlackHawks zone.
15:00 of 3rd period - Shot by Sidney Crosby.
15:00 of 3rd period - Stopped by Eddie Lack with a rebound.
15:29 of 3rd period - Shot by Jan Hejda.
15:29 of 3rd period - Shot Misses the Net.
15:35 of 3rd period - Shot by Mike Hoffman.
15:35 of 3rd period - Shot Misses the Net.
15:37 of 3rd period - Shot by Jan Hejda.
15:37 of 3rd period - Shot Misses the Net.
16:11 of 3rd period - Shot by Marko Dano.
16:11 of 3rd period - Goal by Marko Dano - Senators : 5 - BlackHawks : 1.
16:12 of 3rd period - Mike Hoffman wins face-off versus Ryan OReilly in neutral zone.
16:58 of 3rd period - Shot by Sidney Crosby.
16:58 of 3rd period - Deflect By Pascal Dupuis.
16:58 of 3rd period - Shot Misses the Net.
17:33 of 3rd period - Shot by Mike Hoffman.
17:33 of 3rd period - Stopped by Eddie Lack with a rebound.
17:44 of 3rd period - Off-side.
17:45 of 3rd period - Marko Dano wins face-off versus Mike Richards in neutral zone.
18:01 of 3rd period - Shot by Pascal Dupuis.
18:01 of 3rd period - Stopped by Eddie Lack without a rebound.
18:02 of 3rd period - Ryan OReilly wins face-off versus Pavel Datsyuk in BlackHawks zone.
18:51 of 3rd period - Minor Penalty to Justin Abdelkader for Hooking.
18:52 of 3rd period - Mike Richards wins face-off versus Sidney Crosby in BlackHawks zone.
18:52 of 3rd period - Mike Richards is hit by Pascal Dupuis.
19:00 of 3rd period - Shot by Pascal Dupuis.
19:00 of 3rd period - Stopped by Eddie Lack without a rebound.
19:01 of 3rd period - Mike Richards wins face-off versus Mike Hoffman in BlackHawks zone.
19:01 of 3rd period - Mike Richards is hit by Mika Zibanejad.
19:21 of 3rd period - Shot by Mark Stone.
19:21 of 3rd period - Shot Misses the Net.
19:30 of 3rd period - Off-side.
19:31 of 3rd period - Sidney Crosby wins face-off versus Mike Richards in neutral zone.
19:45 of 3rd period - Icing by Jan Hejda.
19:46 of 3rd period - Sidney Crosby wins face-off versus Mike Richards in Senators zone.
19:59 of 3rd period - Shot by Pavel Datsyuk.
19:59 of 3rd period - Stopped by Eddie Lack with a rebound.
Goals for this period are 2 for Senators vs 0 for BlackHawks.
Shots for this period are 7 for Senators vs 5 for BlackHawks.